 Dungeon Crawl Stone Soup version 0.28-a0-938-gbc3f381ebc (webtiles) character file.

Game seed: 15170526366960484357

210 karkarkar the Chopper (level 5, 47/47 HPs)
             Began as a Minotaur Fighter on Nov 26, 2021.
             Was a Believer of Vehumet.
             Quit the game on level 4 of the Dungeon on Nov 28, 2021.
             The game lasted 00:07:02 (2517 turns).

karkarkar the Chopper (Minotaur Fighter)            Turns: 2517, Time: 00:07:03

Health: 47/47      AC:  8    Str: 22    XL:     5   Next: 56%
Magic:  5/5        EV:  9    Int:  5    God:    Vehumet [**....]
Gold:   70         SH:  4    Dex:  9    Spells: 5/6 levels left

rFire   . . .      SeeInvis .   a - +0 war axe
rCold   . . .      Faith    .   c - +0 buckler
rNeg    . . .      Spirit   .   k - +0 scale mail
rPois   .          Reflect  .   (helmet restricted)
rElec   .          Harm     .   (no cloak)
rCorr   .          Rampage  .   h - +0 pair of gloves
Will    .....                   (no boots)
Stlth   ..........              (no amulet)
HPRegen 0.15/turn               (no ring)
MPRegen 0.09/turn               (no ring)

@: no status effects
A: horns 2, retaliatory headbutt
a: Renounce Religion


You were on level 4 of the Dungeon.
You worshipped Vehumet.
Vehumet was pleased with you.
You visited 1 branch of the dungeon, and saw 4 of its levels.

You collected 70 gold pieces.

Inventory:

Hand Weapons
 a - a +0 war axe (weapon)
 b - a +0 dagger of flaming
Armour
 c - a +0 buckler (worn)
 h - a +0 pair of gloves (worn)
 k - a +0 scale mail (worn)
Scrolls
 e - a scroll of teleportation
Potions
 d - a potion of might
 i - 3 potions of curing
 j - a potion of lignification {unknown}


   Skills:
 + Level 4.4 Fighting
 + Level 5.4 Axes
 - Level 4.1 Armour
 - Level 0.1 Dodging
 - Level 4.0 Shields
 - Level 1.1 Spellcasting


You had 5 spell levels left.
You knew the following spells:

 Your Spells              Type           Power      Damage    Failure   Level
a - Magic Dart            Conj           0%         1d3       77%         1

Your spell library contained the following spells:

 Spells                   Type           Power      Damage    Failure   Level
 Static Discharge         Conj/Air       0%         N/A       88%         2
 Pain                     Necr           0%         1d4       77%         1
 Slow                     Hex            0%         N/A       77%         1
 Confusing Touch          Hex            0%         N/A       98%         3
 Vampiric Draining        Necr           0%         2d6       98%         3
 Agony                    Necr           0%         N/A       100%        5
 Excruciating Wounds      Necr           0%         N/A       100%        5


Dungeon Overview and Level Annotations

Branches:
Dungeon (4/15)
 Temple: D:4-7

Altars:
Vehumet


Innate Abilities, Weirdness & Mutations

You have a pair of horns on your head.
You reflexively headbutt those who attack you in melee.


Message History

You feel sick. The adder barely misses you.
The adder bites you but does no damage.
You miss the adder.
The adder is heavily wounded.
You feel sick. The adder barely misses you. You furiously retaliate!
You headbutt the adder, but do no damage.
You hit the adder but do no damage.
The adder is heavily wounded.
You feel sick.
You are no longer poisoned.
The adder bites you but does no damage. The adder barely misses you.
You furiously retaliate!
You headbutt the adder.
Your scale mail prevents you from hitting the adder.
Your headbutt misses the adder.
The adder is almost dead.
The adder bites you but does no damage.
You slash the adder!
You kill the adder!
Vehumet accepts your kill.
Things that are here:
a hobgoblin corpse; a hobgoblin corpse Done exploring.
Saving game... please wait.
Welcome back, karkarkar the Minotaur Fighter.
Vehumet says: Let it end in hellfire!
Press ? for a list of commands and other information.
Done exploring.
Search for what [? for help]?
Okay, then.
Search for what [? for help]? .
Unknown command.
You aren't carrying any pieces of jewellery.
(D) Dungeon
Where to? (? - help)
What level of the Dungeon? (default 1, ? - help)
There is a stone staircase leading down here.
You climb downwards.
Found a rapier.
There is a stone staircase leading up here.
Are you sure you want to abandon this character and quit the game? (Confirm with "yes".)

#+
##.###
#....#
#....#
#....#
#....#
#...@#
##...#
#.).#
#...#
....#
.....#
..#...#
########


There were no monsters in sight!

Vanquished Creatures
  A scorpion (D:3)
  4 adders
  4 gnolls (D:3)
  A worm (D:2)
  5 endoplasms
  2 giant cockroaches
  5 goblins
  11 hobgoblins
  3 quokkas
  6 ball pythons
  12 bats
  9 frilled lizards
  8 kobolds
  7 rats
78 creatures vanquished.

Notes
Turn   | Place    | Note
-------+----------+-------------------------------------------
     0 | D:1      | karkarkar the Minotaur Fighter began the quest for the Orb.
     0 | D:1      | Reached XP level 1. HP: 19/19 MP: 0/0
    57 | D:1      | Upgraded the game from 0.28-a0-925-gd5e1996cdb to
                  | 0.28-a0-938-gbc3f381ebc
   264 | D:1      | Reached XP level 2. HP: 27/27 MP: 1/1
   438 | D:1      | Found a faded altar of an unknown god.
   464 | D:1      | Prayed at the altar of an unknown god.
   464 | D:1      | Became a worshipper of Vehumet
   464 | D:1      | Reached * piety under Vehumet
   464 | D:1      | Offered knowledge of Magic Dart by Vehumet.
   740 | D:1      | Reached skill level 3 in Axes
   740 | D:1      | Reached XP level 3. HP: 30/33 MP: 2/2
   926 | D:1      | Learned a level 1 spell: Magic Dart
  1826 | D:3      | Reached XP level 4. HP: 33/40 MP: 3/3
  1929 | D:3      | Reached skill level 4 in Axes
  1958 | D:3      | Noticed a scorpion
  1974 | D:3      | Killed a scorpion
  1974 | D:3      | Reached ** piety under Vehumet
  1974 | D:3      | Offered knowledge of Static Discharge by Vehumet.
  1975 | D:3      | Reached skill level 1 in Spellcasting
  1975 | D:3      | Reached XP level 5. HP: 47/47 MP: 5/5
  2072 | D:3      | Reached skill level 5 in Axes
  2517 | D:4      | Quit the game

Illustrated notes

Levels and vault maps discovered:
D:1:      wheals_arrival_linesprint, layout_basic,
          hellmonk_ecumenical_altar_crossroads
D:2:      layout_loops_corners
D:3:      layout_rooms, hex_large
D:4:      layout_gridville, gammafunk_ghost_cemetery, uniq_menkaure

Skill      XL: |  1  2  3  4  5 |
---------------+----------------+-----
Armour         | 4 |  4.1
Axes           | 3 4 5 |  5.4
Shields        | 4 |  4.0
Fighting       | 4 |  4.4
Spellcasting   | 1 |  1.1
Dodging        | |  0.1

Action                   |  1- 3 |  4- 6 || total
-------------------------+-------+-------++-------
Melee: War axe           |   109 |    53 ||   162
       Headbutt          |    13 |     5 ||    18
 Cast: Magic Dart        |       |     2 ||     2
  Use: Scroll            |     4 |     1 ||     5
       Potion            |       |     1 ||     1
Armor: Scale mail        |    59 |    35 ||    94
Dodge: Dodged            |    54 |    33 ||    87
Block: Buckler           |    29 |    14 ||    43

Table legend: (Time is in decaauts)
 A = Elapsed time spent in this place.
 B = Non-inter-level travel time spent in this place.
 C = Inter-level travel time spent in this place.
 D = Time resting spent in this place.
 E = Time spent auto-exploring this place.
 F = Levels seen in this place.
 G = Mean time per level.
                   A        B        C        D        E       F      G
               +--------+--------+--------+--------+--------+-----+--------+
         Total |   2576 |   2422 |    154 |     28 |   1931 |   4 |  644.0 |
       Dungeon |   2576 |   2422 |    154 |     28 |   1931 |   4 |  644.0 |
               +--------+--------+--------+--------+--------+-----+--------+

Top non-repeatable levels by time:
     D:1: 975 daAuts
     D:2: 867 daAuts
     D:3: 733 daAuts
     D:4: 0 daAuts
